[Event "*** Titled Tuesday Blitz"]
[Site "Chess.com"]
[Date "2020.04.28"]
[Round "5"]
[White "doctorcristian"]
[Black "GM_DarwinLaylo"]
[Result "1/2-1/2"]
[WhiteElo "2340"]
[BlackElo "2581"]
[TimeControl "180+1"]
[EndTime "10:56:25 PDT"]
[Termination "Game drawn by repetition"]

1. d4 d5 2. Nc3 Nf6 3. Bf4 g6 4. Qd2 Bg7 5. Bh6 O-O 6. Bxg7 Kxg7 7. e3 a6 8. f3 b5 9. g4 h5 10. g5 Ne8 11. h4 e6 12. f4 Nd6 13. Nf3 Bb7 14. a3 Nd7 15. Bg2 Rc8 16. O-O Nf5 17. b4 Nb6 18. Ne5 Nxh4 19. Bh1 Nf5 20. Rae1 Nc4 21.
Nxc4 bxc4 22. Na4 Bc6 23. Nc5 Ra8 24. Bg2 Rh8 25. Bh3 Ng3 26. Rf3 Ne4 27. Nxe4 dxe4 28. Rf2 Qd5 29. Bf1 a5 30. Rb1 axb4 31. Qxb4 Rhb8 32. Qxb8 Rxb8 33. Rxb8 c3 34. Rb3 Qf5 35. Rxc3 Bd5 36. Be2 Qh3 37. Rg2 Qh4 38. Kf1 Qh1+ 39. Rg1 Qh3+ 40. Kf2 Qh2+ 41. Rg2 Qh4+ 42.
Rg3 Qh2+ 43. Rg2 Qh1 44. Rg1 Qh2+ 45. Rg2 1/2-1/2

[Event "*** Titled Tuesday Blitz"]
[Site "Chess.com"]
[Date "2020.04.28"]
[Round "5"]
[White "Munkhzul_Turmunkh"]
[Black "northridgehawk"]
[Result "1-0"]
[WhiteElo "2512"]
[BlackElo "2312"]
[TimeControl "180+1"]
[EndTime "10:56:25 PDT"]
[Termination "Munkhzul_Turmunkh won by checkmate"]

1. e4 e5 2. Nf3 Nc6 3. Bb5 a6 4. Ba4 Nf6 5. O-O b5 6. Bb3 Bc5 7. c3 d6 8. d4 Bb6 9. dxe5 Nxe5 10. Nxe5 dxe5 11. Qxd8+ Kxd8 12. Bxf7 Bb7 13. Bg5 Ke7 14.
Bb3 Rad8 15. Na3 h6 16. Bxf6+ Kxf6 17. Rad1 c5 18. Bd5 Bxd5 19. exd5 e4 20. c4 Ke5 21. b3 Rhf8 22. Nc2 Ba5 23. Ne3 Bc3 24. Rb1 Bd4 25.
Rfd1 b4 26. Rf1 a5 27. h3 h5 28. Nc2 g5 29. Rbe1 g4 30. hxg4 hxg4 31. Ne3 Rf4 32.
g3 Bxe3 33. gxf4+ Bxf4 34. Kg2 Rf8 35. Rh1 Kd4 36. Rd1+ Kc3 37. d6 e3 38. d7 e2 39. d8=Q Rxd8 40. Rxd8 Bd2 41. Re8 Kd3 42. Kg3 Bc3 43. Re3+ Kd2 44. Kxg4 Bd4 45. Kf3 Bxe3 46. fxe3 e1=Q 47. Rxe1 Kxe1 48. e4 Kd2 49. e5 Kc2 50. e6 Kb2 51. e7 Kxa2 52. e8=Q Kxb3 53. Qb5 a4 54. Qxc5 a3 55. Qd4 Kc2 56. c5 b3 57. c6 b2 58. Qe4+ Kc1 59. c7 b1=Q 60. c8=Q+ Kb2 61. Qcb7+ Kc3 62. Qbxb1 a2 63. Qbc2# 1-0

[Event "*** Titled Tuesday Blitz"]
[Site "Chess.com"]
[Date "2020.04.28"]
[Round "5"]
[White "WIDBIFS"]
[Black "Gahan-MG"]
[Result "1/2-1/2"]
[WhiteElo "2835"]
[BlackElo "2680"]
[TimeControl "180+1"]
[EndTime "10:56:26 PDT"]
[Termination "Game drawn by agreement"]

1. d4 Nf6 2. Nf3 g6 3. g3 Bg7 4. Bg2 O-O 5. O-O d5 6. c4 Nc6 7.
cxd5 Nxd5 8. e4 Nb6 9. d5 Na5 10. h3 c6 11. Nc3 cxd5 12. exd5 Nac4 13. Qe2 Re8 14. Bg5 Nxb2 15. Rac1 N2c4 16. Rfd1 Nd6 17. Re1 Kf8 18. Nb5 Nxb5 19. Qxb5 Qxd5 20. Qb4 Be6 21. Qh4 Kg8 22. Bxe7 Qh5 23. Qxh5 gxh5 24. Bc5 Bxa2 25. Nd4 Bd5 26. Bxb6 Bxg2 27. Kxg2 axb6 28. Nf5 Bf6 29. Nd6 Rxe1 30. Rxe1 Rd8 31. Ne4 Bd4 32. Rd1 Kg7 33. Kf3 b5 34. Rb1 Rd5 35. Ke2 h4 36. g4 b6 37. f3 h5 38. g5 Kg6 39. f4 f6 40. gxf6 Bxf6 41. Ke3 Kf5 42. Rxb5 Rxb5 43.
Nd6+ Ke6 44. Nxb5 Kd5 45. Nc7+ Kc4 46. Ke4 b5 47. Nd5 Bd8 48. f5 b4 49. Nxb4 Kxb4 50.
Ke5 Kc5 51. f6 Bxf6+ 52. Kxf6 Kd6 53. Kg5 Ke6 54. Kxh5 Kf6 55. Kxh4 Kg7 56. Kg5 Kh8 57. h4 Kg8 1/2-1/2

[Event "*** Titled Tuesday Blitz"]
[Site "Chess.com"]
[Date "2020.04.28"]
[Round "5"]
[White "UmutErdemGunduz"]
[Black "mirceaparligras"]
[Result "1/2-1/2"]
[WhiteElo "2420"]
[BlackElo "2669"]
[TimeControl "180+1"]
[EndTime "10:56:26 PDT"]
[Termination "Game drawn - insufficient material"]

1. e4 c5 2. Nf3 d6 3. d4 cxd4 4. Nxd4 Nf6 5. f3 e5 6. Nb3 Be7 7. c4 a5 8. Be3 a4 9. Nc1 Nc6 10.
Nc3 Qa5 11. Qd2 Be6 12. b3 Nd4 13. Bxd4 exd4 14. Nxa4 Qa7 15. Bd3 O-O 16. O-O Nd7 17. f4 f5 18. exf5 Bxf5 19. Bxf5 Rxf5 20. Nd3 Raf8 21. Rae1 Bd8 22. Re6 Ne5 23. Nxe5 dxe5 24. Rxe5 d3+ 25. c5 Rxe5 26. fxe5 Qa6 27. Rxf8+ Kxf8 28. g3 Ba5 29. b4 Bc7 30. Nb2 Qxa2 31. Qf4+ Ke8 32. Nxd3 Qb1+ 33. Qf1 Qb3 34. Qe2 Ke7 35. Kg2 b6 36. Qf3 bxc5 37. bxc5 Qc2+ 38. Kh3 Qc4 39. c6 Qe6+ 40. g4 Qc4 41. Nf4 Bxe5 42. Nd5+ Kd6 43. Ne3 Qxc6 44. Nf5+ Kc7 45. Qxc6+ Kxc6 46. Kg2 Kd7 47.
h4 Ke6 48. Kf3 g6 49. Ne3 Bf6 50. g5 Bg7 51. Ke4 h6 52. Ng4 hxg5 53. hxg5 Bf8 54. Ne5 Be7 55. Nxg6 Bxg5 1/2-1/2

[Event "*** Titled Tuesday Blitz"]
[Site "Chess.com"]
[Date "2020.04.28"]
[Round "5"]
[White "Sandstad"]
[Black "Skatchkov_V"]
[Result "0-1"]
[WhiteElo "2356"]
[BlackElo "2564"]
[TimeControl "180+1"]
[EndTime "10:56:26 PDT"]
[Termination "Skatchkov_V won on time"]

1. d4 Nf6 2. Bf4 e6 3. e3 d5 4. Nd2 c5 5. Ngf3 Nc6 6. c3 Bd6 7. Bg3 O-O 8. Bb5 Ne7 9. Bxd6 Qxd6 10. Ne5 b6 11. O-O Bb7 12. Bd3 Qc7 13. f4 Nf5 14. Bxf5 exf5 15. g4 fxg4 16. Nxg4 Nxg4 17. Qxg4 Rae8 18.
Rf3 cxd4 19. exd4 Bc8 20. Qg3 Re2 21. Rf2 Rfe8 22. Rxe2 Rxe2 23. Re1 Qe7 24. Rxe2 Qxe2 25. Qf2 Qd1+ 26. Kg2 Bf5 27. Qe3 h5 28. Kf2 Qh1 29. Qe8+ Kh7 30. Nf3 Be6 31. Ng5+ Kg6 32. Nxe6 Qxh2+ 33. Ke1 Qg3+ 34. Kd1 Qg4+ 35. Kc2 Qxe6 36. Qb8 h4 37. Qh8 Qe2+ 38. Kb3 Qc4+ 39. Kc2 Qe2+ 40. Kb3 Qg4 41. f5+ Kxf5 42. Qc8+ Kg5 43. Qd8+ Kg6 44. Qd6+ Kh7 0-1

[Event "*** Titled Tuesday Blitz"]
[Site "Chess.com"]
[Date "2020.04.28"]
[Round "5"]
[White "Qvalda"]
[Black "hongnhung1234"]
[Result "1-0"]
[WhiteElo "2410"]
[BlackElo "2206"]
[TimeControl "180+1"]
[EndTime "10:56:27 PDT"]
[Termination "Qvalda won by checkmate"]

1. e4 c5 2. Nc3 Nc6 3. Bb5 e6 4.
Bxc6 bxc6 5. d3 d5 6. f4 Nf6 7.
e5 Nd7 8. Nf3 Nb6 9. O-O Be7 10.
Qe2 c4 11. d4 c5 12. Be3 cxd4 13. Nxd4 Bd7 14. f5 Qc7 15. fxe6 Bxe6 16. Nxe6 fxe6 17.
Qg4 Kd7 18. Kh1 Qxe5 19. Bxb6 axb6 20. Nxd5 Kc6 21. Nxe7+ Kb7 22. Rae1 Qc7 23. Qxe6 Rad8 24. Qe4+ Ka6 25. Nc6 Rd6 26. Nb4+ Ka7 27. Nd5 Qc5 28.
Nc3 Rhd8 29. h3 R8d7 30. a3 Qg5 31. Qe3 Qg6 32. Nb5+ Kb8 33. Nxd6 Qxd6 34. Qe8+ Kb7 35. Rf7 Kc7 36. Rxd7+ Qxd7 37. Qxd7+ Kxd7 38. Re4 b5 39. a4 c3 40. bxc3 bxa4 41. Rxa4 Ke6 42. Rd4 Kf5 43. c4 g5 44. Rd3 Kg6 45. c5 Kh5 46. c6 Kh4 47. c7 h5 48. c8=Q g4 49. Qd8# 1-0

[Event "*** Titled Tuesday Blitz"]
[Site "Chess.com"]
[Date "2020.04.28"]
[Round "5"]
[White "josiwales"]
[Black "Sanan_Sjugirov"]
[Result "0-1"]
[WhiteElo "2601"]
[BlackElo "2855"]
[TimeControl "180+1"]
[EndTime "10:56:28 PDT"]
[Termination "Sanan_Sjugirov won on time"]

1. e4 c5 2. Nc3 d6 3. g3 Nc6 4.
Bg2 g6 5. d3 Bg7 6. Be3 Rb8 7.
Nge2 Nd4 8. Qd2 e6 9. Nc1 Ne7 10. Nd1 b6 11. c3 Ndc6 12. Bh6 O-O 13. h4 e5 14. h5 f6 15. hxg6 hxg6 16. Bxg7 Kxg7 17.
Qh6+ Kf7 18. Ne3 Be6 19. Ne2 Rh8 20. Qxh8 Qxh8 21. Rxh8 Rxh8 22. f4 b5 23. a3 a5 24.
O-O-O Rb8 25. f5 Bb3 26. Rh1 Kg7 27. fxg6 Kxg6 28. Nf5 Rd8 29. Rh6+ Kg5 30. Bf3 d5 31. Rh5+ Kg6 32. Nh4+ Kg7 33. g4 dxe4 34. Bxe4 c4 35. Ng3 cxd3 36. Kd2 a4 37. Rh7+ Kg8 38.
Nh5 Na5 39. Nxf6+ Kf8 40. Rh8+ Ng8 41. Nxg8 Kg7 42. Rh7+ Kxg8 43. Rc7 Nc4+ 44. Rxc4 bxc4 45. Nf5 Kf7 46. Ne3 Rh8 47. Bd5+ Kf6 48. Bxc4 Bxc4 49. Nxc4 e4 50. Ke3 Ke6 51. Nd2 Rh4 52. Nxe4 Rxg4 53.
Kxd3 Ke5 54. Nc5 Kd5 0-1

[Event "*** Titled Tuesday Blitz"]
[Site "Chess.com"]
[Date "2020.04.28"]
[Round "5"]
[White "Larina_Marija"]
[Black "Shuvatkin_Vladimir"]
[Result "0-1"]
[WhiteElo "2157"]
[BlackElo "2307"]
[TimeControl "180+1"]
[EndTime "10:56:28 PDT"]
[Termination "Shuvatkin_Vladimir won on time"]

1. e4 e6 2. d4 d5 3. Nc3 dxe4 4. Nxe4 Bd7 5. Nf3 Bc6 6. Ng3 Nd7 7. Be2 Ngf6 8. O-O Be7 9. c4 O-O 10. Bf4 b6 11.
Qd2 Bb7 12. Rfd1 Qc8 13. Rac1 c5 14. dxc5 Nxc5 15. Ne5 Rd8 16. Qe3 a5 17. a3 a4 18.
Bf3 Nb3 19. Rxd8+ Bxd8 20. Rd1 Bxf3 21. Qxf3 Be7 22. Nh5 Nxh5 23. Qxh5 g6 24. Qf3 Qe8 25. Bh6 Rd8 26. Rxd8 Bxd8 27. Ng4 Qe7 28. Qc3 f6 29.
h3 Nc5 30. Be3 e5 31. Nh6+ Kg7 32. Ng4 Qd6 33. Qc2 h5 34. Nh2 Qd3 35. Qc1 Nb3 36.
Qe1 Qxc4 37. Nf3 Nc5 38. Bxc5 Qxc5 39. Qd1 Be7 40. Qxa4 Qc1+ 41. Kh2 Qf4+ 42. Kg1 Qxa4 0-1

[Event "*** Titled Tuesday Blitz"]
[Site "Chess.com"]
[Date "2020.04.28"]
[Round "5"]
[White "Uzbektiger1963"]
[Black "2L8IWUN"]
[Result "1-0"]
[WhiteElo "2532"]
[BlackElo "2704"]
[TimeControl "180+1"]
[EndTime "10:56:29 PDT"]
[Termination "Uzbektiger1963 won by resignation"]

1. c4 e6 2. Nc3 d5 3. d4 Nf6 4.
cxd5 exd5 5. Bg5 c6 6. e3 Be6 7.
Bd3 Nbd7 8. Nge2 h6 9. Bh4 g5 10. Bg3 Nh5 11. e4 dxe4 12. Nxe4 Nxg3 13. hxg3 Bb4+ 14.
N2c3 Qe7 15. Qe2 O-O-O 16. O-O h5 17. Qe3 Rdg8 18. d5 cxd5 19. Qxa7 dxe4 20. Rac1 exd3 21. Nd5+ Qc5 22. Qa8+ Nb8 23. Ne7+ Kc7 24. Rxc5+ Bxc5 25. Nxg8 Rxg8 26. Rc1 b6 27. Qa7+ Kc6 28. b4 d2 29.
Rb1 Rd8 30. Qa4+ b5 31. Qc2 d1=Q+ 32. Rxd1 Rxd1+ 33. Qxd1 Bxb4 34. Qxh5 Be7 35. Qf3+ Kd7 36. g4 Nc6 37. Qd3+ Bd6 38. Qxb5 Ke7 39. Qxg5+ Kd7 40. Qd2 Kc7 41. g5 Bc5 42. a4 Bd4 43.
Qf4+ Be5 44. Qc1 Bd6 45. Qc3 Bb4 46. Qf6 Be7 47. Qg7 Bb4 48. g6 Kd6 49. Qf8+ Ke5 50. Qh8+ Kf5 51. g7 1-0

[Event "*** Titled Tuesday Blitz"]
[Site "Chess.com"]
[Date "2020.04.28"]
[Round "5"]
[White "crossingthestreet"]
[Black "Morshynska"]
[Result "1-0"]
[WhiteElo "2321"]
[BlackElo "2080"]
[TimeControl "180+1"]
[EndTime "10:56:29 PDT"]
[Termination "crossingthestreet won on time"]

1. c4 e5 2. Nc3 Nc6 3. e3 g6 4.
Nf3 Bg7 5. d4 exd4 6. exd4 d6 7.
Be2 Nf6 8. O-O O-O 9. h3 Re8 10. Bf4 Ne4 11. Rc1 Nxc3 12. Rxc3 Bf5 13. Rc1 Be4 14. Be3 h6 15. Qd2 Qf6 16. Rfd1 g5 17. b3 a5 18. d5 Bxf3 19. Bxf3 Ne5 20. Be2 b6 21. Re1 Ng6 22. Bf1 Re7 23. Rcd1 Rae8 24.
g3 Qc3 25. Bg2 Qxd2 26. Bxd2 Bd4 27. Rxe7 Rxe7 28. Kf1 Ne5 29. Bxg5 hxg5 30. Rxd4 Kg7 31. Re4 Rd7 32. Ke2 Rd8 33. Kd2 f5 34. Re2 f4 35. Re4 f3 36. Bf1 Rf8 37. Ke3 Kg6 38. a3 Kg7 39. b4 axb4 40. axb4 Ra8 41. Kd4 Ra1 42. Bd3 Rd1 43. Re3 Kf6 44. h4 g4 45. Ke4 Rd2 46. c5 Rxf2 47. cxb6 cxb6 48. Kf4 Nxd3+ 49. Rxd3 Rb2 50. Kxg4 f2 51. Rf3+ Ke5 52. Rf5+ Ke4 53. Rf4+ Ke3 54. h5 Rxb4 55. Rxb4 f1=Q 56.
Rf4 Qd1+ 57. Kg5 Qxd5+ 58. Rf5 Qg2 59. g4 d5 60. h6 d4 61. h7 1-0

[Event "*** Titled Tuesday Blitz"]
[Site "Chess.com"]
[Date "2020.04.28"]
[Round "5"]
[White "Mr_Sinigami"]
[Black "Hadza_3"]
[Result "1-0"]
[WhiteElo "2545"]
[BlackElo "2375"]
[TimeControl "180+1"]
[EndTime "10:56:30 PDT"]
[Termination "Mr_Sinigami won by resignation"]

1. Nf3 Nf6 2. c4 g6 3. Nc3 Bg7 4. e4 d6 5. d4 O-O 6. Be2 e5 7. O-O Nc6 8. d5 Ne7 9. Ne1 Ne8 10. Be3 f5 11. f3 f4 12. Bf2 g5 13. c5 Rf7 14. Rc1 Bf8 15. Nb5 a6 16. Na3 Ng6 17. cxd6 cxd6 18. Nc4 h5 19. Nb6 Bd7 20. Nxd7 Qxd7 21.
Bb6 Nh4 22. Nd3 Rg7 23. Nf2 Be7 24. Rc3 Bd8 25. Bxd8 Rxd8 26. h3 Nf6 27. Qc2 g4 28. fxg4 hxg4 29. Nxg4 Nxg4 30. Bxg4 Rxg4 31. hxg4 Qxg4 32.
Rc1 Kh7 33. Rc7+ Kh6 34. Rf1 Rg8 35. Rf2 f3 36. Qd2+ Rg5 37. Rc3 Nxg2 38. Rxg2 fxg2 39. Qd3 Rh5 40. Qe3+ Kg6 41. Qg3 Rg5 42. Qxg4 Rxg4 43. Rc7 Kg5 44. Rxb7 Kf4 45. Rb6 Rg6 46. Rb4 Ke3 47.
a4 Kd3 48. a5 Ke3 49. Rb6 Kxe4 50. Rxa6 Kf3 51. Ra8 e4 52. Rf8+ Ke2 53. b4 e3 54.
a6 Rg7 55. b5 Kd2 56. Re8 e2 57. b6 e1=Q+ 58. Rxe1 Kxe1 59. b7 Ke2 60. b8=Q Kf3 61.
Qf8+ 1-0

[Event "*** Titled Tuesday Blitz"]
[Site "Chess.com"]
[Date "2020.04.28"]
[Round "5"]
[White "Teidi96"]
[Black "DaggiGretarsson"]
[Result "0-1"]
[WhiteElo "2251"]
[BlackElo "2445"]
[TimeControl "180+1"]
[EndTime "10:56:30 PDT"]
[Termination "DaggiGretarsson won on time"]

1. e4 g6 2. d4 Bg7 3. Nc3 d6 4. Be3 a6 5. f3 b5 6. Qd2 Nd7 7. a3 Bb7 8. h4 h6 9. d5 c6 10. dxc6 Bxc6 11. Nge2 Rc8 12. Nd4 Bb7 13. Nb3 Ngf6 14.
Be2 Ne5 15. Kf2 Neg4+ 16. Kg1 Nxe3 17. Qxe3 h5 18. Kh2 O-O 19. Rhd1 Qc7 20. Nd4 e5 21. Nb3 Rfd8 22. Rd3 d5 23. exd5 e4+ 24. d6 Rxd6 25. Rxd6 Qxd6+ 26. Kh1 exf3 27. Bxf3 Bxf3 28. Qxf3 Ng4 29. g3 Bxc3 30. bxc3 Qe5 31. Nd4 Qe4 32. Rf1 Qxf3+ 33. Rxf3 Ne5 34. Re3 Nc4 35. Re7 Nxa3 36.
Ne2 Nxc2 37. Ra7 Rc6 38. Kg2 Ne3+ 39. Kf3 Nf5 40. Kf4 Kg7 41. Ra8 Rc4+ 42. Kf3 Ra4 43.
Ra7 a5 44. Rb7 b4 45. cxb4 axb4 46. Rb8 Ra3+ 47. Kf2 b3 48. Rb7 Ra2 49. Rb6 Nd4 0-1

[Event "*** Titled Tuesday Blitz"]
[Site "Chess.com"]
[Date "2020.04.28"]
[Round "5"]
[White "ZEN-22"]
[Black "Aygehovit1992"]
[Result "0-1"]
[WhiteElo "2488"]
[BlackElo "2674"]
[TimeControl "180+1"]
[EndTime "10:56:31 PDT"]
[Termination "Aygehovit1992 won by resignation"]

1. e4 d6 2. Nc3 g6 3. Bc4 Bg7 4. f4 c5 5. Nf3 Nc6 6. d3 Nf6 7. h3 O-O 8. Be3 Na5 9. a3 Nxc4 10. dxc4 b6 11. Qd3 Bb7 12. g4 a6 13. Rf1 b5 14.
e5 bxc4 15. Qxc4 d5 16. Qxc5 Ne4 17. Nxe4 dxe4 18. Nd4 Rc8 19. Qb4 Qc7 20. O-O-O Rfd8 21. c3 e6 22. Nb3 Rxd1+ 23. Rxd1 Bd5 24. Na5 Bf8 25. Qb6 Bxa3 26. Qxc7 Rxc7 27. c4 Bb4 28. Bb6 Rc8 29. b3 e3 30. Bxe3 Bxa5 31. Kb2 Bg2 32.
h4 Bf3 33. Rg1 Bd8 34. h5 a5 35. hxg6 fxg6 36. f5 Kf7 37. Rf1 Bxg4 38. fxe6+ Kxe6 39. Bd4 Be7 40. Rg1 h5 41. Ra1 h4 42. Rxa5 h3 43.
Ra1 Bf3 44. Bg1 Kxe5 45. Bh2+ Kf5 46. Rf1 Bf6+ 47. Kc2 Kg4 48. Rg1+ Bg2 49. Re1 Bh4 50. Re6 g5 51. Re5 Bg3 52. Bxg3 Kxg3 53. Rxg5+ Kh4 54.
Rg7 Rh8 55. Kc3 h2 56. Rxg2 h1=Q 57. Rd2 Qe1 58. Kc2 Kg3 59. Rd3+ Kf4 60. Rd4+ Ke3 61. Rd5 Rh2+ 0-1

[Event "*** Titled Tuesday Blitz"]
[Site "Chess.com"]
[Date "2020.04.28"]
[Round "5"]
[White "LittlePeasant"]
[Black "Andreikka"]
[Result "0-1"]
[WhiteElo "2755"]
[BlackElo "2975"]
[TimeControl "180+1"]
[EndTime "10:56:33 PDT"]
[Termination "Andreikka won by resignation"]

1. d4 Nf6 2. c4 e6 3. Nc3 Bb4 4. Bd2 O-O 5. e3 d5 6. Nf3 b6 7. cxd5 exd5 8. Rc1 Be7 9. Bd3 c5 10. dxc5 bxc5 11. O-O Bb7 12. Re1 Re8 13. Bb1 Bf8 14. Ne2 Nbd7 15. Bc3 Ne4 16. Bxe4 Rxe4 17. Ng3 Re8 18. Qa4 Nb6 19. Qf4 Qd6 20. Be5 Qg6 21. h4 Nc4 22. h5 Qe6 23. Bc3 Bd6 24. Qg5 f6 25. Qf5 Ne5 26. Qxe6+ Rxe6 27. Nf5 Nd3 28. h6 Nxe1 29. Rxe1 gxh6 30. Nxh6+ Kf8 31. Nf5 Be5 32. Nxe5 fxe5 33. Rc1 d4 34. Bd2 Rc8 35. f3 Bd5 36. a3 Rf6 37. e4 Be6 38. Nd6 Rc6 39.
Nb7 c4 40. Bb4+ Kg8 41. Kf2 Rg6 42. Nd8 Rc8 43. Nb7 c3 44. bxc3 d3 45. Nd6 Rc6 46.
Rd1 a5 47. Rxd3 axb4 48. axb4 Bh3 49. Nf5 Rxg2+ 50. Ke3 Bxf5 51. exf5 Rf6 52. Ke4 Re2+ 53. Kd5 Rxf5 54. b5 e4+ 0-1

[Event "*** Titled Tuesday Blitz"]
[Site "Chess.com"]
[Date "2020.04.28"]
[Round "5"]
[White "Oligan22"]
[Black "fridaywins"]
[Result "0-1"]
[WhiteElo "2403"]
[BlackElo "2252"]
[TimeControl "180+1"]
[EndTime "10:56:33 PDT"]
[Termination "fridaywins won on time"]

1. e4 e5 2. Nf3 Nc6 3. Bb5 a6 4. Ba4 Nf6 5. O-O Be7 6. Re1 b5 7.
Bb3 d6 8. c3 O-O 9. h3 Na5 10.
Bc2 c5 11. d4 Nd7 12. d5 Nb7 13. a4 Nb6 14. Nbd2 c4 15. Nf1 Nc5 16. a5 Nbd7 17.
Be3 Nb7 18. Ng3 Ndc5 19. Ra2 Qc7 20. Nd2 Bh4 21. Nf5 Bxf5 22. exf5 Nxa5 23. Bxc5 dxc5 24. d6 Qb6 25. Ne4 b4 26. Rxa5 Qxa5 27. f6 g6 28. Qg4 Bxf6 29. Nxf6+ Kg7 30. Nh5+ Kh8 31. Qg5 Qd8 32. Qh6 Rg8 33. Ng3 Qxd6 34. Ne4 Qf8 35. Qh4 f5 36. Ng5 Qg7 37. Rxe5 Rge8 38. Rxe8+ Rxe8 39. Kh2 b3 40. Bd1 Qc7+ 41. f4 a5 42. Bf3 a4 43. Bd5 a3 44. Nf7+ Kg7 45. Qh6+ Kf6 46. Qg5+ Kg7 47. Qh6+ Kf6 48. Qh4+ Kg7 49. Ng5 h6 50.
Nf7 h5 51. Qg5 Qxf7 52. Bxf7 Kxf7 53. Qh6 a2 54. Qh7+ Kf6 55. Qd7 Re7 56. Qd6+ Kf7 57. Qd5+ Kg7 58. Qa8 Re1 59. Qa7+ Kf6 60. Qb6+ Kf7 61.
Qc7+ Re7 0-1

[Event "*** Titled Tuesday Blitz"]
[Site "Chess.com"]
[Date "2020.04.28"]
[Round "5"]
[White "Moon_stone123"]
[Black "praveenb2002"]
[Result "0-1"]
[WhiteElo "2512"]
[BlackElo "2718"]
[TimeControl "180+1"]
[EndTime "10:56:34 PDT"]
[Termination "praveenb2002 won by resignation"]

1. e4 e5 2. Nf3 Nc6 3. Bb5 a6 4. Ba4 Nf6 5. O-O b5 6. Bb3 Bc5 7. c3 d6 8. d4 Bb6 9. dxe5 Nxe5 10. Nxe5 dxe5 11. Qxd8+ Kxd8 12. Bg5 Ke7 13. a4 Bb7 14.
Na3 h6 15. Bxf6+ Kxf6 16. axb5 axb5 17. Rfe1 Rhd8 18. Re2 Bc5 19. g3 Ra6 20. Kg2 Rda8 21. Rd1 Bxa3 22. bxa3 Rxa3 23. Bd5 c6 24. Bxc6 Bxc6 25.
Rd6+ Ke7 26. Rxc6 R8a7 27. Rc5 f6 28. Rxb5 Rxc3 29. Reb2 Rcc7 30. Rb8 Kf7 31. h4 h5 32. R8b6 Rd7 33. R6b4 Rac7 34. Kf3 Rc3+ 35. Kg2 Kg6 36. Rb7 Rd4 37. Re7 Rxe4 38. Rbb7 Re2 39. Rxg7+ Kf5 40. Rb1 Rcc2 41. Rf1 e4 42. Kg1 Ra2 43. Rh7 Kg6 44. Re7 Kf5 45. Re8 Kg4 46. Rxe4+ Rxe4 47. f3+ Kxg3 48.
fxe4 Rg2+ 49. Kh1 Rf2 50. Rg1+ Kxh4 51. Rg6 Kh3 52. Kg1 Rf4 53. Rh6 h4 54. Rg6 Rg4+ 55.
Rxg4 Kxg4 56. Kg2 Kf4 57. Kh3 Kxe4 58. Kxh4 f5 59. Kg3 Ke3 60. Kg2 f4 61. Kg1 Ke2 62.
Kg2 f3+ 63. Kh2 f2 0-1

[Event "*** Titled Tuesday Blitz"]
[Site "Chess.com"]
[Date "2020.04.28"]
[Round "5"]
[White "Matveev_Vladimir"]
[Black "Nikolaj_6"]
[Result "0-1"]
[WhiteElo "2413"]
[BlackElo "2613"]
[TimeControl "180+1"]
[EndTime "10:56:34 PDT"]
[Termination "Nikolaj_6 won by resignation"]

1. d4 Nf6 2. c4 e6 3. Nf3 c5 4. d5 d6 5. Nc3 exd5 6. cxd5 g6 7. Nd2 Nbd7 8. e4 Bg7 9. Be2 O-O 10. O-O Re8 11.
f3 a6 12. a4 Rb8 13. Kh1 h6 14. Rb1 g5 15. Nc4 Ne5 16. Nxe5 Rxe5 17. f4 gxf4 18.
Bxf4 Re8 19. Bf3 b5 20. axb5 axb5 21. b4 c4 22. Qd2 Kh7 23. Ra1 Ng4 24. Bxg4 Bxg4 25.
Ra7 Re7 26. Ra6 Rb6 27. Ra5 Bd7 28. Bg3 Qe8 29. h3 Kg8 30. Bf4 Kh7 31. Rf3 f5 32. exf5 Re1+ 33. Kh2 Bxf5 34. Bg3 Re5 35. Ra7 Bg6 36.
Qd4 Rb8 37. Bxe5 dxe5 38. Qe3 e4 39. Rg3 Qe5 40. Nxe4 Re8 41. d6 Qxe4 42. Qxe4 Rxe4 43. d7 Rd4 44. Rf3 h5 45. h4 Kh6 46. Kg3 c3 47. Rxc3 Bf6 48. Rf3 Bxh4+ 49. Kh2 Bg5 50. Rg3 h4 51.
Rf3 Kh5 52. Rf8 Kg4 53. Rb7 Bf4+ 54. Rxf4+ Kxf4 55. Rxb5 Rxd7 56. Rb6 Bf5 57. Rh6 Kg5 58. Rh8 Rd2 59. Rg8+ Kf4 60. Rh8 h3 0-1

[Event "*** Titled Tuesday Blitz"]
[Site "Chess.com"]
[Date "2020.04.28"]
[Round "5"]
[White "Angry_Twin"]
[Black "UCantHandleDenker"]
[Result "1-0"]
[WhiteElo "2790"]
[BlackElo "2556"]
[TimeControl "180+1"]
[EndTime "10:56:36 PDT"]
[Termination "Angry_Twin won by resignation"]

1. e4 c5 2. Nf3 d6 3. d4 cxd4 4. Nxd4 Nf6 5. Nc3 g6 6. Be3 Bg7 7. f3 O-O 8. Qd2 Nc6 9. Bc4 Bd7 10. O-O-O Rc8 11. Bb3 Nxd4 12. Bxd4 b5 13. Nd5 Nxd5 14. Bxg7 Kxg7 15. exd5 a5 16. a3 Kg8 17. g4 b4 18.
axb4 axb4 19. h4 Qa5 20. Qd4 Rc3 21. Kd2 Rxf3 22. Rdf1 Rg3 23. Rhg1 Rxg1 24. Rxg1 Qc5 25. Qxc5 dxc5 26. g5 Bb5 27. c4 bxc3+ 28. Kxc3 c4 29.
Bxc4 Rc8 30. b3 Bd7 31. Kd4 Rb8 32. Rf1 Kg7 33. Rf2 f6 34. Re2 Kf8 35. gxf6 exf6 36. Kc5 Be8 37. b4 g5 38. b5 Rc8+ 39. Kd4 Rb8 40. Rb2 gxh4 41. b6 h3 42. Kc5 Rc8+ 43.
Kd4 Rb8 44. Bf1 h2 45. Bg2 Ke7 46. Kc5 Rc8+ 47. Kd4 Kd6 48. b7 Rb8 49. Rb6+ Kc7 50. Kc5 Bd7 51. d6+ Kd8 52. Ra6 Bc8 53. Ra8 Rxb7 54. Bxb7 Kd7 55. Bc6+ Kd8 56. d7 Ke7 57. dxc8=Q Kf7 58. Qe8+ 1-0

[Event "*** Titled Tuesday Blitz"]
[Site "Chess.com"]
[Date "2020.04.28"]
[Round "5"]
[White "viktorskliarov"]
[Black "tylityli"]
[Result "0-1"]
[WhiteElo "2641"]
[BlackElo "2338"]
[TimeControl "180+1"]
[EndTime "10:56:36 PDT"]
[Termination "tylityli won by resignation"]

1. e4 c5 2. Nf3 e6 3. d4 cxd4 4. Nxd4 a6 5. Nc3 Qc7 6. Be2 Nf6 7. O-O b5 8. Bf3 Bb7 9. Re1 d6 10. a4 b4 11. Nd5 exd5 12. exd5+ Kd8 13. Bg5 Nd7 14. Qe2 Ne5 15. Nc6+ Bxc6 16. dxc6 Be7 17. Rad1 Ke8 18. Bd5 Nxd5 19. Rxd5 Bxg5 20. Qg4 Qxc6 21. Rdd1 Bf6 22. f4 Kf8 23. fxe5 Bxe5 24. Qxb4 Kg8 25.
Kh1 g6 26. Rf1 Kg7 27. Qb3 Ra7 28. c3 Qb7 29. Qc2 Rb8 30. Rd2 Qb3 31. Qe4 Qe6 32.
Rdf2 Re7 33. Qd3 d5 34. b4 Rd8 35. b5 axb5 36. axb5 Rc8 37. Rc2 Rec7 38. b6 Qxb6 39.
Qxd5 Qe6 40. Qxe6 fxe6 41. Re2 Bxc3 42. Rxe6 Rf7 43. Rxf7+ Kxf7 44. Re2 Bd4 45. g3 h5 46. Kg2 g5 47. h3 Rc3 48. Re4 Bc5 49. h4 g4 50.
Rf4+ Kg6 51. Re4 Re3 52. Rc4 Bd6 53. Rc6 Rxg3+ 54. Kf2 Rd3 55. Ke2 Rd5 56. Ke3 Kf5 0-1

[Event "*** Titled Tuesday Blitz"]
[Site "Chess.com"]
[Date "2020.04.28"]
[Round "5"]
[White "Zhani-Z"]
[Black "Danesz22"]
[Result "0-1"]
[WhiteElo "2480"]
[BlackElo "2296"]
[TimeControl "180+1"]
[EndTime "10:56:36 PDT"]
[Termination "Danesz22 won on time"]

1. e4 b6 2. d4 Bb7 3. Bd3 g6 4. Nf3 Bg7 5. O-O d6 6. c4 Nd7 7. Nc3 e5 8. d5 Ne7 9. h4 h6 10. h5 Nc5 11. Bc2 a5 12. Be3 g5 13. Nh2 O-O 14.
g4 Kh8 15. Re1 Ng8 16. Nf1 Nf6 17. Ng3 Bc8 18. f3 Bd7 19. Qe2 Qc8 20. b3 Qb7 21. a3 a4 22. b4 Nb3 23. Bxb3 axb3 24. Reb1 Ra7 25. Rxb3 Rfa8 26. Nf5 Bxf5 27. exf5 e4 28. fxe4 Re8 29. Bd4 c5 30. dxc6 Qxc6 31. Re1 Rc7 32. Nd5 Nxd5 33. cxd5 Bxd4+ 34. Kg2 Qc2 35. Rd3 Be5 36.
Qxc2 Rxc2+ 37. Kf3 Rec8 38. Re2 Rc1 39. Rb3 R8c3+ 40.
Rxc3 Rxc3+ 41. Re3 Rxe3+ 42. Kxe3 b5 43. Kd3 Kg8 44. Kc2 Kf8 45. Kb3 Ke8 46. a4 Kd7 47. a5 Kc7 48. Ka3 Bc3 49. Kb3 Be1 50. Ka3 Kd7 51. Kb3 Ke7 0-1

[Event "*** Titled Tuesday Blitz"]
[Site "Chess.com"]
[Date "2020.04.28"]
[Round "5"]
[White "ZarinaShafigullina"]
[Black "LucaBrasi1968"]
[Result "1-0"]
[WhiteElo "2216"]
[BlackElo "2461"]
[TimeControl "180+1"]
[EndTime "10:56:36 PDT"]
[Termination "ZarinaShafigullina won on time"]

1. d4 f5 2. Nf3 Nf6 3. g3 e6 4.
Bg2 Be7 5. O-O O-O 6. c4 d6 7. Nc3 Qe8 8. Nb5 Bd8 9. Nd2 Nc6 10. d5 exd5 11. cxd5 Ne5 12. Nd4 Bd7 13. Re1 Qh5 14.
N2f3 Nxf3+ 15. Nxf3 Ne4 16. Nd2 Nf6 17. Nf3 Re8 18.
Nd4 Ng4 19. h3 Ne5 20. Ne6 Qf7 21. Nxd8 Raxd8 22. Bg5 Rc8 23. Rc1 Ng6 24. Qd4 b6 25. Rc3 h6 26. Bd2 Bb5 27. e3 Ne5 28. Rec1 Re7 29. f4 Ng6 30. e4 fxe4 31. Bxe4 Nf8 32. g4 Rce8 33. Bf5 Bd7 34. Bxd7 Rxd7 35. Re3 Rxe3 36. Bxe3 Re7 37. Bd2 Ng6 38. Rf1 Qe8 39. Bc3 Qf7 40. f5 Ne5 41. h4 h5 42. g5 Ng4 43. f6 gxf6 44. a3 Re5 45. gxf6 Rxd5 46.
Qf4 Rc5 47. Re1 Kh7 48. Re7 Qxe7 49. fxe7 Re5 50. Qf7+ Kh6 51. Bxe5 Nxe5 52. Qf6+ 1-0